 Dungeon Crawl Stone Soup version 0.25-a0-992-gca090100c3 (webtiles) character file.

Game seed: 18081029503978809180, levelgen mode: deterministic

122566 HoaS the Brawler (level 16, -11/174 HPs)
             Began as a Gargoyle Berserker on May 10, 2020.
             Was the Champion of Trog.
             Mangled by Frances
             ... wielding a +0 glaive
              (25 damage)
             ... on level 2 of the Swamp.
             The game lasted 01:42:40 (36505 turns).

HoaS the Brawler (Gargoyle Berserker)              Turns: 36505, Time: 01:42:41

Health: -11/174    AC: 28    Str: 24    XL:     16   Next: 88%
Magic:  16/16      EV: 10    Int: 10    God:    Trog [******]
Gold:   2699       SH:  5    Dex: 11    Spells: 15/15 levels left

rFire    . . .     SeeInvis .     - Unarmed
rCold    . . .     Gourm    .   (no shield)
rNeg     + . .     Faith    .   G - +0 plate armour
rPois    ∞         Spirit   .   J - +0 helmet
rElec    +         Reflect  +   g - +0 cloak
rCorr    .         Harm     .   k - +1 pair of gloves
MR       +....                  (no boots)
Stlth    ..........             K - +5 amulet of reflection
HPRegen  0.39/turn              P - +1 ring of protection
MPRegen  0.15/turn              B - +3 ring of evasion

@: berserking, flying, very quick
A: big wings, negative energy resistance 1, electricity resistance, unbreathing,
petrification resistance, rot immunity, AC +12
a: Stop Flying, Berserk, Trog's Hand, Brothers in Arms, Renounce Religion


You were on level 2 of the Swamp.
You worshipped Trog.
Trog was exalted by your worship.
You were very hungry.

You visited 4 branches of the dungeon, and saw 25 of its levels.
You also visited: Ice Cave.

You collected 2765 gold pieces.
You spent 66 gold pieces at shops.

Inventory:

Hand Weapons
 w - a +2 vorpal arbalest
Missiles
 f - 455 bolts
Armour
 g - a +0 cloak (worn)
 k - a +1 pair of gloves (worn)
 G - a +0 plate armour (worn)
 J - a +0 helmet (worn)
Jewellery
 l - a +3 ring of strength
 z - a +3 ring of dexterity
 A - a +4 ring of strength
 B - a +3 ring of evasion (right hand)
 C - an uncursed ring of ice
 F - an uncursed ring of positive energy
 H - a +4 ring of dexterity
 I - an uncursed ring of ice
 K - a +5 amulet of reflection (around neck)
 L - an uncursed ring of stealth
 P - a +1 ring of protection (left hand)
 T - a +1 ring of evasion
Wands
 t - a wand of polymorph (30)
 u - a wand of acid (10)
 x - a wand of flame (41)
 E - a wand of digging (8)
 N - a wand of clouds (3)
 S - a wand of enslavement (4)
Scrolls
 c - 8 scrolls of remove curse
 d - 4 scrolls of fog
 n - 10 scrolls of teleportation
 o - 6 scrolls of blinking
 r - 12 scrolls of identify
 v - 6 scrolls of enchant armour
 y - 3 scrolls of fear
 M - a scroll of magic mapping
 R - a scroll of silence
Potions
 a - 3 potions of mutation
 e - 4 potions of might
 h - 4 potions of flight
 i - 9 potions of heal wounds
 j - 2 potions of berserk rage
 m - 6 potions of haste
 p - 2 potions of lignification
 q - 12 potions of curing
 s - 3 potions of invisibility
 D - a potion of cancellation
 O - 3 potions of stabbing
Comestibles
 b - 37 rations
 Q - 9 chunks of flesh


   Skills:
 + Level 18.4 Fighting
 * Level 13.7 Crossbows
 - Level 2.1 Armour
 - Level 1.5 Dodging
 * Level 18.7 Unarmed Combat


You had 15 spell levels left.
You didn't know any spells.
Your spell library was empty.

Dungeon Overview and Level Annotations

Branches:
Dungeon (15/15)            Temple (0/1) D:4            Lair (6/6) D:8
  Swamp (2/4) Lair:4       Spider (0/4) Lair:3        Slime (0/5) Lair:5
    Orc (2/2) D:10            Elf (0/3) Orc:2        Vaults (0/5) D:13
 Depths (0/5) D:15          IceCv (visited)

Altars:
Ashenzari
Cheibriados
Elyvilon
Okawaru
Wu Jian
Zin
Jiyva

Shops:
D:5 !}(   Orc:2 %**

Annotations:
Swamp:2 Frances


Innate Abilities, Weirdness & Mutations

You are resistant to torment.
Your stone body is resilient. (AC +12)
You are immune to poison.
Your large and strong wings let you fly indefinitely.
You resist negative energy. (rN+)
You are resistant to electric shocks. (rElec)
You can survive without breathing.
You are immune to petrification.
You are immune to rotting.


Message History

The smoke demon gestures at you. Something smites you!
* * * LOW HITPOINT WARNING * * *
Frances takes a defensive stance.
Frances hits you with a +0 glaive!
* * * LOW HITPOINT WARNING * * *
You punch Frances!
Frances is heavily wounded.
You pummel Frances!!
Frances is severely wounded.
The smoke demon gestures at you. Something smites you!
* * * LOW HITPOINT WARNING * * *
Frances barely misses you.
You punch Frances!
Frances is severely wounded.
You hit Frances.
Frances is severely wounded.
Frances hits you with a +0 glaive!!
You die...

♣♣≈ ... $≈^ .≈≈≈ ≈.
≈≈≈≈♣♣≈ §♣≈≈≈≈≈♣♣♣♣♣♣
≈≈≈≈≈......≈♣♣♣
≈≈≈≈≈.♣≈≈≈≈≈≈≈♣♣♣♣
..≈≈..≈≈≈≈≈≈♣(...♣♣♣♣ ♣♣
♣..≈.≈≈@≈≈≈≈≈≈.≈≈..≈♣♣≈≈
♣♣.≈...@≈≈≈≈..≈♣≈≈≈≈.≈≈♣
♣♣≈..♣3≈≈≈≈.♣≈≈≈.≈≈≈♣≈.
♣.≈.♣♣.≈≈≈..≈≈≈≈≈♣≈≈≈≈.
♣..≈. ♣.♣≈≈.≈♣≈≈..§≈♣≈≈.
♣... ♣...≈≈≈≈≈≈.♣♣.≈≈♣.
... .<≈..≈....♣♣♣♣≈≈≈≈
♣♣♣ ≈≈≈≈≈♣≈≈≈.♣♣ ♣♣≈.≈
≈≈≈≈≈♣.♣ ♣♣§≈


You could see Frances (fast) and a smoke demon (summoned).

Vanquished Creatures
  A tentacled monstrosity (Swamp:1)
  Rupert (D:13)
  Gastronok (D:11)
  Roxanne (D:15)
  Louise (D:15)
  Nessos (D:13)
  Snorg (Lair:6)
  A yaktaur captain (D:15)
  A fire dragon (D:15)
  Josephine (D:9)
  Erolcha (D:9)
  Harold (Lair:2)
  An ice dragon (D:15)
  11 hydras
  A rakshasa (D:15)
  A ghost crab (Swamp:2)
  6 alligators
  3 centaur warriors
  7 two-headed ogres
  2 death knights
  2 catoblepae
  11 death yaks
  A deep troll shaman (Lair:6)
  Urug (D:13)
  2 tengu warriors (D:15)
  Nergalle (D:11)
  Sonja (D:13)
  4 skeletal warriors (D:15)
  2 unseen horrors (D:15)
  A swamp dragon (Lair:4)
  2 lindwurms (Lair:6)
  An orc sorcerer (Orc:1)
  3 orc knights
  An orb spider (Lair:3)
  3 cyclopes
  6 ugly things
  3 elephants (Lair:6)
  A manticore (D:15)
  A gargoyle (D:14)
  Joseph (D:7)
  4 black mambas
  2 ice statues (IceCv)
  Maurice (D:11)
  4 orange demons
  12 spiny frogs
  3 rime drakes
  A yaktaur (D:15)
  3 komodo dragons
  An efreet (D:15)
  A redback zombie (D:15)
  3 red devils (D:10)
  The ghost of Flugslaktarn the Chopper, an amateur DDFi (D:5)
  9 trolls
  3 tengu conjurers
  4 tyrant leeches
  5 hornets
  2 meliai (D:15)
  14 dream sheep (Lair:6)
  4 polar bears (D:14)
  10 slime creatures
  12 hippogriffs
  24 blink frogs
  3 bog bodies
  3 shadows
  5 spriggans
  Sigmund (D:6)
  A centaur simulacrum (D:14)
  2 vampires
  8 wraiths
  3 wyverns
  19 yaks
  8 basilisks
  3 hungry ghosts
  16 humans (D:13)
  Grum (D:8)
  A basilisk (shapeshifter) (D:15)
  10 vampire mosquitoes
  5 insubstantial wisps (Swamp:1)
  2 wargs (Orc:2)
  Edmund (D:5)
  5 swamp worms
  An acid dragon (shapeshifter) (D:15)
  9 soldier ants
  2 acid dragons (D:15)
  17 water moccasins
  28 orc warriors
  8 porcupines
  A swamp drake (Swamp:1)
  3 eyes of draining
  13 ice beasts
  5 phantoms
  7 sky beasts
  17 ogres
  5 black bears
  5 boggarts (D:15)
  15 crocodiles
  18 wolves
  11 centaurs
  2 big kobolds
  16 bullfrogs
  Blork the orc (D:6)
  A gnoll sergeant (D:9)
  9 scorpions
  3 troll zombies (D:10)
  29 killer bees
  4 wights (D:14)
  11 howler monkeys
  An electric eel (D:15)
  8 crimson imps
  4 centaur zombies
  6 hounds
  3 jellies
  A bullfrog zombie (D:13)
  2 quasits
  5 orc priests
  5 centaur skeletons
  7 iguanas
  12 orc wizards
  5 hell rats (Lair:2)
  16 worker ants
  5 ogre zombies (D:10)
  3 gnolls (D:9)
  7 adders
  4 shadow imps
  A white imp (D:14)
  2 ufetubi (D:14)
  An adder zombie (D:9)
  An adder skeleton (D:4)
  A worm (D:4)
  4 dart slugs
  10 leopard geckos
  83 orcs
  3 giant cockroaches
  13 goblins
  5 hobgoblins
  6 jackals
  3 quokkas
  2 ball pythons
  15 bats
  7 frilled lizards
  3 goblin skeletons (D:10)
  2 goblin zombies (D:10)
  A hobgoblin skeleton (D:10)
  A hobgoblin zombie (D:10)
  18 kobolds
  2 leopard gecko skeletons
  2 orc skeletons (D:10)
  16 orc zombies (D:10)
  15 rats
864 creatures vanquished.

Vanquished Creatures (collateral kills)
  An orc knight (Orc:2)
  2 orc warriors (Orc:2)
  2 orcs (Orc:2)
5 creatures vanquished.

Vanquished Creatures (others)
  A centaur warrior (D:15)
  An ugly thing (IceCv)
  A cyclops (Orc:1)
  3 centaurs
  An orc wizard (D:7)
  2 orcs (Orc:2)
  5 fungi
  7 plants
21 creatures vanquished.

Grand Total: 890 creatures vanquished

Notes
Turn   | Place    | Note
-------+----------+-------------------------------------------
     0 | D:1      | HoaS the Gargoyle Berserker began the quest for the Orb.
     0 | D:1      | Reached XP level 1. HP: 14/14 MP: 1/1
   254 | D:1      | Reached XP level 2. HP: 17/19 MP: 2/2
   715 | D:1      | Reached ** piety under Trog
   718 | D:1      | Reached XP level 3. HP: 24/24 MP: 3/3
  1656 | D:2      | Reached XP level 4. HP: 29/29 MP: 4/4
  2388 | D:3      | Reached *** piety under Trog
  2508 | D:3      | You fall into a shaft and drop 2 floors!
  2508 | D:5      | Entered Level 5 of the Dungeon
  2559 | D:5      | Noticed Flugslaktarn's ghost (amateur DDFi)
  2560 | D:5      | Found a runed translucent gate.
  2561 | D:5      | Found a runed translucent gate.
  2562 | D:5      | Found a runed translucent gate.
  2601 | D:5      | Found Owaw's Gadget Shoppe.
  2663 | D:5      | Reached skill level 5 in Unarmed Combat
  2663 | D:5      | Reached XP level 5. HP: 34/34 MP: 5/5
  2694 | D:4      | Found a snail-covered altar of Cheibriados.
  2854 | D:5      | Noticed a sky beast
  2889 | D:5      | Killed a sky beast
  2889 | D:5      | Reached skill level 5 in Fighting
  2889 | D:5      | Reached XP level 6. HP: 22/40 MP: 6/6
  3090 | D:4      | Found a staircase to the Ecumenical Temple.
  3644 | D:4      | Reached XP level 7. HP: 26/44 MP: 7/7
  3652 | D:4      | Reached **** piety under Trog
  4574 | D:5      | Found Dibo's Distillery.
  4650 | D:5      | Noticed a soldier ant
  4651 | D:5      | Found a runed translucent door.
  4651 | D:5      | Noticed a soldier ant
  4651 | D:5      | Noticed a soldier ant
  4651 | D:5      | Noticed a soldier ant
  4652 | D:5      | Found a runed translucent gate.
  4652 | D:5      | Found a runed translucent gate.
  4652 | D:5      | Noticed a soldier ant
  4653 | D:5      | Noticed a soldier ant
  4653 | D:5      | Noticed a soldier ant
  4660 | D:5      | Found a runed translucent gate.
  4663 | D:5      | Noticed a soldier ant
  4669 | D:5      | Found a runed translucent door.
  4680 | D:5      | Found the +9 staff of Olgreb {rPois∞}
  4718 | D:5      | Found Yhinticu's Antique Weapon Shoppe.
  4852 | D:5      | Bought a hand crossbow for 66 gold pieces
  5210 | D:6      | Reached skill level 1 in Crossbows
  5324 | D:6      | Reached XP level 8. HP: 34/52 MP: 8/8
  5524 | D:6      | Noticed Sigmund
  5526 | D:6      | Noticed Edmund
  5568 | D:5      | Killed Edmund
  5586 | D:6      | Killed Sigmund
  5616 | D:6      | Noticed Blork the orc
  5874 | D:6      | Killed Blork the orc
  6074 | D:6      | Reached XP level 9. HP: 52/57 MP: 9/9
  6332 | D:6      | Found a glowing silver altar of Zin.
  6443 | D:6      | Found a white marble altar of Elyvilon.
  6443 | D:6      | Found a shattered altar of Ashenzari.
  7137 | D:7      | Reached skill level 10 in Unarmed Combat
  7284 | D:8      | Noticed Joseph
  7302 | D:7      | Killed Joseph
  7309 | D:8      | Reached skill level 5 in Crossbows
  7419 | D:8      | Noticed a two-headed ogre
  7440 | D:8      | Killed a two-headed ogre
  7440 | D:8      | Reached XP level 10. HP: 65/65 MP: 10/10
  7629 | D:8      | Noticed a two-headed ogre
  7650 | D:8      | Killed a two-headed ogre
  7697 | D:8      | Found a staircase to the Lair.
  7805 | D:8      | Found an iron altar of Okawaru.
  8211 | D:8      | Noticed Grum
  8221 | D:8      | Reached ***** piety under Trog
  8233 | D:8      | Killed Grum
  8361 | D:8      | Reached skill level 10 in Fighting
  8550 | D:8      | Reached XP level 11. HP: 50/72 MP: 11/11
  9530 | D:9      | Noticed Erolcha
  9540 | D:9      | Killed Erolcha
  9562 | D:9      | Found an ornate altar of the Wu Jian Council.
  9672 | D:10     | Entered Level 10 of the Dungeon
  9759 | D:10     | Noticed Josephine
  9916 | D:9      | Killed Josephine
 10157 | D:10     | Received a gift from Trog
 10729 | D:10     | Found a staircase to the Orcish Mines.
 10759 | D:10     | Reached skill level 10 in Crossbows
 10923 | D:10     | Reached XP level 12. HP: 59/81 MP: 12/12
 11952 | Lair:1   | Entered Level 1 of the Lair of Beasts
 12523 | Lair:1   | Reached ****** piety under Trog
 12535 | Lair:1   | Noticed a seven-headed hydra
 12550 | Lair:1   | Killed a seven-headed hydra
 12814 | Lair:1   | You fall into a shaft and drop 1 floor!
 12839 | Lair:2   | Received a gift from Trog
 13346 | Lair:2   | Noticed a four-headed hydra
 13358 | Lair:2   | Killed a four-headed hydra
 13459 | Lair:2   | Noticed a seven-headed hydra
 13466 | Lair:2   | Killed a seven-headed hydra
 13664 | Lair:2   | Noticed Harold
 13677 | Lair:2   | Killed Harold
 14281 | D:5      | Killed Flugslaktarn's ghost
 14350 | D:5      | Reached XP level 13. HP: 84/88 MP: 13/13
 15375 | Lair:3   | Received a gift from Trog
 15575 | Lair:3   | Found a hole to the Spider Nest.
 16250 | Lair:4   | Reached skill level 15 in Unarmed Combat
 16271 | Lair:4   | Found a staircase to the Swamp.
 17178 | Lair:5   | Found a staircase to the Slime Pits.
 17178 | Lair:5   | Found a viscous altar of Jiyva.
 18795 | Lair:6   | Entered Level 6 of the Lair of Beasts
 18798 | Lair:6   | Gained mutation: Your large and strong wings let you fly
                  | indefinitely. [Gargoyle growth]
 18798 | Lair:6   | Reached XP level 14. HP: 96/96 MP: 14/14
 18805 | Lair:6   | Noticed Snorg
 18822 | Lair:6   | Killed Snorg
 18825 | Lair:5   | Received a gift from Trog
 19512 | Lair:6   | Reached skill level 15 in Fighting
 21664 | Orc:1    | Entered Level 1 of the Orcish Mines
 21825 | Orc:1    | Paralysed by an orc sorcerer for 7 turns
 22525 | Orc:2    | Entered Level 2 of the Orcish Mines
 23605 | Orc:2    | Found a staircase to the Elven Halls.
 23647 | Orc:2    | Found Paqo's General Store.
 23647 | Orc:2    | Found Yblasehu's Assorted Antiques.
 23647 | Orc:2    | Found Quddouwn's General Store.
 23959 | Orc:2    | Found Hutin's Food Emporium.
 23984 | Orc:2    | Reached XP level 15. HP: 102/104 MP: 15/15
 24633 | D:11     | Noticed Gastronok
 24647 | D:11     | Killed Gastronok
 24954 | D:11     | Received a gift from Trog
 25083 | D:11     | Noticed Maurice
 25091 | D:11     | Killed Maurice
 25497 | D:11     | Noticed Nergalle
 25509 | D:11     | Killed Nergalle
 26360 | D:12     | Identified the +10 whip of Qazlal's Grace {drain, *Noise
                  | rF+ Dex+10}
 26406 | D:12     | Received a gift from Trog
 27528 | D:13     | Noticed Sonja
 27659 | D:13     | Killed Sonja
 27915 | D:13     | Noticed Rupert
 27936 | D:13     | Killed Rupert
 28366 | D:13     | Noticed Nessos
 28380 | D:13     | Killed Nessos
 28401 | D:13     | Noticed Urug
 28406 | D:13     | Received a gift from Trog
 28419 | D:13     | Killed Urug
 28681 | D:13     | Found a gate to the Vaults.
 29367 | D:14     | You fall into a shaft and drop 1 floor!
 29367 | D:15     | Entered Level 15 of the Dungeon
 29699 | D:14     | Found a frozen archway.
 29722 | IceCv    | Entered an ice cave
 29749 | IceCv    | Reached XP level 16. HP: 107/114 MP: 16/16
 29775 | IceCv    | Found a transporter.
 29799 | IceCv    | Found a transporter.
 31114 | D:15     | Received a gift from Trog
 31417 | D:15     | Noticed Roxanne
 31642 | D:15     | Killed Roxanne
 33142 | D:15     | Noticed Louise
 33148 | D:15     | Killed Louise
 33335 | D:15     | Found a staircase to the Depths.
 33982 | Swamp:1  | Entered Level 1 of the Swamp
 35083 | Swamp:1  | Found an iron altar of Okawaru.
 35179 | Swamp:2  | Noticed a tentacled monstrosity
 35421 | Swamp:1  | Killed a tentacled monstrosity
 36482 | Swamp:2  | Noticed Frances
 36505 | Swamp:2  | Mangled by Frances

Illustrated notes

Levels and vault maps discovered:
D:1:      dpeg_arrival_renting, layout_loops_corners, minmay_split_cup_large
D:2:      layout_basic, minmay_between
D:3:      layout_basic, grunt_ministairs_10
D:4:      layout_rooms, kennysheep_slug_shrine, minmay_temple_entry_slanted,
          first_ration, chequers_ossuary_entry_cave, kennysheep_generic_room_12
D:5:      layout_loops_ring, ebering_ghost_rock_garden, serial_shops, shop,
          nicolae_shop_window_shopping, shop_coins,
          minmay_guarded_unrand_staff_of_olgreb
D:6:      layout_cave_pools, zin_academy, gammafunk_temple_overflow_elements,
          sigmund_edmund_badplayer, uniq_blork_the_orc
D:7:      layout_basic
D:8:      layout_cave_pods, okawaru_trees_2, minmay_lair_entry_grove,
          the_bakery, uniq_grum, uniq_joseph
D:9:      layout_roguey, nicolae_overflow_crystal_walls, uniq_erolcha
D:10:     layout_stronghold, zombieorc2_lemuel, enter_bailey_8,
          minmay_beelzebubs_servants, uniq_josephine
D:11:     layout_stronghold, uniq_maurice, uniq_nergalle, uniq_gastronok
D:12:     layout_loops_corners
D:13:     layout_cave_pods, david_vaults_3, uniq_sonja, uniq_rupert
D:14:     layout_cave_pods, serial_ice, serial_ice_n, serial_ice_k,
          serial_ice_a, serial_ice_m, serial_ice_e, serial_ice_h,
          portal_ice_cave_entry_pillars_2, glass_columns_a, serial_park_tiny_2
D:15:     grunt_enter_depths_hoard, layout_loops_ring, fountainhead,
          minivault_22, chequers_serial_rivers_marsh, hangedman_corner_corridor,
          uniq_louise, uniq_roxanne
Lair:1:   layout_regular_city
Lair:2:   layout_regular_city, uniq_harold
Lair:3:   layout_hall_layers, nicolae_spider_entry_orb_guardian,
          infiniplex_staircase_pool_2
Lair:4:   layout_misc_corridors, minmay_swamp_entry_reptiles
Lair:5:   layout_small_grid, slime_altar_1
Lair:6:   grunt_lair_end_beastmaster, layout_gridlike, uniq_snorg
Swamp:1:  layout_basic_swamp, lemuel_altar_in_water, swamp_pool3,
          hangedman_swamp_lotus
Swamp:2:  layout_falls_marsh, evilmike_swamp_ruin_house_2, uniq_frances
Orc:1:    layout_caves
Orc:2:    st_orc_rangers, layout_diamond_mine, uniq_urug

Skill      XL: |  1  2  3  4  5  6  7  8  9 10 11 12 13 14 15 16 |
---------------+-------------------------------------------------+-----
Unarmed Combat | 4 5 6 7 9 10 12 14 16 17 18 | 18.7
Fighting       | 4 5 6 7 8 10 12 13 14 15 17 18 | 18.4
Crossbows      | 1 3 5 7 10 11 13 | 13.7
Armour         | |  2.1
Dodging        | |  1.5

Action                   |  1- 3 |  4- 6 |  7- 9 | 10-12 | 13-15 | 16-18 || total
-------------------------+-------+-------+-------+-------+-------+-------++-------
Melee: Unarmed           |   148 |   295 |   294 |   621 |  1104 |   363 ||  2825
       Punch             |     2 |     8 |    13 |    30 |    54 |    24 ||   131
 Fire: Hand crossbow     |       |       |       |   221 |   244 |       ||   465
       Arbalest          |       |       |       |       |   215 |   176 ||   391
Invok: Trog's Hand       |       |       |     2 |     2 |     1 |       ||     5
       Berserk           |       |       |     2 |     1 |     5 |     4 ||    12
       Brothers in Arms  |       |       |       |       |     1 |       ||     1
 Abil: Fly               |       |       |       |       |     2 |       ||     2
       Stop Flying       |       |       |       |       |     1 |       ||     1
  Use: Scroll            |       |     6 |    11 |    11 |     9 |     3 ||    40
       Potion            |       |       |       |       |     1 |       ||     1
 Stab: Petrified         |       |       |       |       |     2 |       ||     2
       Petrifying        |       |       |       |       |     1 |       ||     1
  Eat: Chunk             |     2 |     7 |    14 |    16 |    46 |    24 ||   109
       Ration            |       |       |       |     3 |     3 |       ||     6
Armor: Animal skin       |    58 |       |       |       |       |       ||    58
       Scale mail        |       |   157 |    96 |       |       |       ||   253
       Leather armour    |       |    17 |       |       |       |       ||    17
       Chain mail        |       |       |    43 |   205 |       |       ||   248
       Plate armour      |       |       |       |   201 |   592 |   239 ||  1032
Dodge: Dodged            |    98 |   146 |   142 |   303 |   407 |   106 ||  1202
Block: Other             |       |       |       |       |    98 |    70 ||   168
       Reflection        |       |       |       |       |    26 |     5 ||    31

Table legend:
 A = Non-vault XP
 B = Vault XP
 C = Vault XP percentage of total XP
 D = Non-vault monster count
 E = Vault monster count
 F = Vault count percentage of total count
                 A         B        C        D         E       F
            +---------+---------+-------+---------+---------+-------
      Total |  117125 |   57970 |  33.1 |     644 |     232 |  26.5
            +---------+---------+-------+---------+---------+-------
        D:1 |      44 |       6 |  12.0 |      29 |       4 |  12.1
        D:2 |      45 |      10 |  18.2 |      19 |       6 |  24.0
        D:3 |     102 |       3 |   2.9 |      31 |       2 |   6.1
        D:4 |     334 |       7 |   2.1 |      17 |       2 |  10.5
        D:5 |     721 |    2925 |  80.2 |      22 |      29 |  56.9
        D:6 |     936 |     317 |  25.3 |      15 |       2 |  11.8
        D:7 |     871 |     445 |  33.8 |      21 |       1 |   4.5
        D:8 |    2660 |    3372 |  55.9 |      34 |      18 |  34.6
        D:9 |    1815 |    3258 |  64.2 |      21 |       5 |  19.2
       D:10 |    1499 |    3046 |  67.0 |      23 |      44 |  65.7
       D:11 |    4342 |    3610 |  45.4 |      43 |       3 |   6.5
       D:12 |    6629 |       0 |   0.0 |      40 |       0 |   0.0
       D:13 |    8216 |    9973 |  54.8 |      35 |      22 |  38.6
       D:14 |    2637 |    2056 |  43.8 |      21 |      13 |  38.2
       D:15 |   16404 |    9063 |  35.6 |      43 |      12 |  21.8
     Lair:1 |    4918 |       0 |   0.0 |      20 |       0 |   0.0
     Lair:2 |    5208 |    1007 |  16.2 |      24 |       1 |   4.0
     Lair:3 |    4523 |     556 |  10.9 |      18 |       1 |   5.3
     Lair:4 |    9098 |     942 |   9.4 |      23 |       4 |  14.8
     Lair:5 |    7089 |    4460 |  38.6 |      26 |       5 |  16.1
     Lair:6 |   12440 |    5713 |  31.5 |      37 |      13 |  26.0
    Swamp:1 |   13163 |       0 |   0.0 |      30 |       0 |   0.0
    Swamp:2 |    8703 |       0 |   0.0 |      20 |       0 |   0.0
      Orc:1 |    2644 |       0 |   0.0 |      10 |       0 |   0.0
      Orc:2 |    2084 |    4984 |  70.5 |      22 |      36 |  62.1
      IceCv |       0 |    2217 | 100.0 |       0 |       9 | 100.0
            +---------+---------+-------+---------+---------+-------
